 Dungeon Crawl Stone Soup version 0.31-a0-150-g89dc3ad700 (webtiles) character file.

Game seed: 2673197391672301019

62 qw the Shooter (level 4, 0/28 HPs)
             Began as a Gargoyle Hunter on June 8, 2023.
             Killed from afar by Sigmund (7 damage)
             ... with a puff of flame
             ... on level 2 of the Dungeon.
             The game lasted 00:00:33 (903 turns).

qw the Shooter (Gargoyle Hunter)                     Turns: 903, Time: 00:00:34

Health: 0/28       AC:  6    Str: 14    XL:     4   Next: 8%
Magic:  4/4        EV: 11    Int: 10    God:
Gold:   13         SH:  0    Dex: 15    Spells: 3/3 levels left

rFire   . . .        a - +0 shortbow
rCold   . . .        (shield currently unavailable)
rNeg    + . .        c - +0 leather armour
rPois   inf          (no helmet)
rElec   +            (no cloak)
rCorr   .            (no gloves)
SInv    .            (no boots)
Will    .....        (no amulet)
Stlth   +            (no ring)
HPRegen 0.24/turn    (no ring)
MPRegen 0.09/turn

%: no passive effects
@: confused
A: sickness immunity, AC +3, negative energy resistance 1, electricity
resistance, torment resistance 1, petrification resistance
a: no special abilities


You were on level 2 of the Dungeon.
You visited 1 branch of the dungeon, and saw 2 of its levels.

You collected 78 gold pieces.
You spent 65 gold pieces at shops.


Innate Abilities, Weirdness & Mutations

You are immune to sickness and miasma.
Your stone body is resilient. (AC +3)
You are immune to poison.
You resist negative energy. (rN+)
You are resistant to electric shocks. (rElec)
You are resistant to unholy torment.
You are immune to petrification.


   Skills:
 - Level 3.0 Fighting
 + Level 5.1 Ranged Weapons
 - Level 1.5 Dodging
 - Level 1.1 Stealth


You had 3 spell levels left.
You didn't know any spells.
Your spell library was empty.

Inventory:

Hand Weapons
 a - a +0 shortbow (weapon)
Armour
 c - a +0 leather armour (worn)
 i - a +0 ring mail
Scrolls
 j - a scroll of enchant armour {unknown}
 k - a scroll of noise {unknown}
Potions
 b - a potion of mutation {unknown}
 d - a potion of haste {unknown}
 e - a potion of curing {unknown}
 g - a potion of invisibility {unknown}
 h - a potion of enlightenment {unknown}
 l - a potion of lignification {unknown}

Dungeon Overview and Level Annotations

Branches:
Dungeon (2/15)

Altars:

Shops:
D:2 !

Annotations:
D:2 Sigmund


Message History

You stop removing your armour.
You are confused.
Sigmund zaps a wand.
The puff of flame misses you. Sigmund hits you but does no damage.
Sigmund zaps a wand.
The puff of flame hits you!
886 ||| DRINKING potion of heal wounds.
You feel much better.
Sigmund points at you and mumbles some strange words.
You are more confused.
Sigmund hits you from afar with a +0 scythe.
Sigmund zaps a wand.
The puff of flame hits you! Sigmund gestures at you while chanting.
The puff of flame hits you. Sigmund barely misses you.
You feel less confused. Sigmund barely misses you.
893 ||| UPGRADING to +0 ring mail.
You start removing your armour.
You continue taking off your +0 leather armour.
Sigmund misses you.
You continue taking off your +0 leather armour.
Sigmund points at you and mumbles some strange words.
You stop removing your armour.
You are confused.
Sigmund says, "I'm your fate." Sigmund closely misses you.
Sigmund breathes a few words.
Sigmund's hands start flickering wildly.
Sigmund hits you from afar with a +0 scythe.
Sigmund gestures at you while chanting.
You are more confused.
Sigmund hits you from afar with a +0 scythe.
Sigmund mumbles some strange words.
Sigmund flickers and vanishes!
Deactivating autopickup; reactivate with Ctrl-A.
Autopickup is now on.
You hear a zap.
A puff of flame appears from out of thin air!
Deactivating autopickup; reactivate with Ctrl-A.
The puff of flame hits you!
You die...

##### #...# #.#.# ####.#.####
#### #..%.#....#######...#
#.#######........{.(#
#....#...%#######...#
...#[#.###......@..#
##.#.#.###.######..#############
#.........# ....^.........#
#.......### #.........###.#
#.#####.# ########.# #.# ##.#
#.# #.# #.# ...# #.# #.# #.#
.#.# #.# ###.# #.# .#.# #.#
######## #...# #.##


There were no monsters in sight!

Vanquished Creatures
  2 adders (D:2)
  A dart slug (D:2)
  5 ball pythons (D:1)
  2 bats (D:2)
  7 endoplasms
  A giant cockroach (D:1)
  3 goblins (D:1)
  2 hobgoblins
  6 quokkas
  2 frilled lizards
  3 kobolds
  5 rats
39 creatures vanquished.

Notes
Turn   | Place    | Note
-------+----------+-------------------------------------------
     0 | D:1      | qw the Gargoyle Hunter began the quest for the Orb.
     0 | D:1      | Reached XP level 1. HP: 12/12 MP: 1/1
     0 | D:1      | 0 ||| qw: Version: 0.2-a-119-g7aa9181
     0 | D:1      | 0 ||| qw: Game counter: 2810
     0 | D:1      | 0 ||| qw: Always use a shield: true
     0 | D:1      | 0 ||| qw: God list: Okawaru
     0 | D:1      | 0 ||| qw: Allow faded altars: false
     0 | D:1      | 0 ||| qw: Do Orc after D:15 true
     0 | D:1      | 0 ||| qw: Do second Lair branch before Depths: true
     0 | D:1      | 0 ||| qw: Lair rune preference: random
     0 | D:1      | 0 ||| qw: Plans: Normal
     0 | D:1      | 0 ||| PLANNING D:1-11
    68 | D:1      | Reached XP level 2. HP: 17/17 MP: 2/2
   328 | D:1      | Reached XP level 3. HP: 21/21 MP: 3/3
   345 | D:1      | 345 ||| DROPPING scroll of butterflies.
   360 | D:2      | Reached skill level 5 in Ranged Weapons
   639 | D:2      | Found Voubeb's Distillery.
   646 | D:2      | 646 ||| SHOPLISTING 2 potions of curing (78 gold, have 67).
   646 | D:2      | 646 ||| BUYING potion of heal wounds (65 gold).
   646 | D:2      | Bought a potion of heal wounds for 65 gold pieces
   646 | D:2      | 646 ||| SHOPLISTING potion of heal wounds (65 gold, have
                  | 2).
   646 | D:2      | 646 ||| SHOPLISTING potion of might (52 gold, have 2).
   705 | D:2      | 705 ||| FLEEEEING.
   710 | D:2      | Reached skill level 3 in Fighting
   754 | D:2      | Reached XP level 4. HP: 28/28 MP: 4/4
   857 | D:2      | Noticed Sigmund
   867 | D:2      | 867 ||| UPGRADING to +0 ring mail.
   868 | D:2      | 868 ||| UPGRADING to +0 ring mail.
   871 | D:2      | 871 ||| UPGRADING to +0 ring mail.
   872 | D:2      | HP: 5/28 [Sigmund/magic dart (8)]
   873 | D:2      | 873 ||| DRINKING 2 potions of heal wounds.
   874 | D:2      | 874 ||| UPGRADING to +0 ring mail.
   876 | D:2      | 876 ||| UPGRADING to +0 ring mail.
   879 | D:2      | 879 ||| UPGRADING to +0 ring mail.
   880 | D:2      | 880 ||| UPGRADING to +0 ring mail.
   885 | D:2      | HP: 6/28 [Sigmund/puff of flame (7)]
   886 | D:2      | 886 ||| DRINKING potion of heal wounds.
   893 | D:2      | 893 ||| UPGRADING to +0 ring mail.
   900 | D:2      | HP: 6/28 [Sigmund/+0 scythe (5)]
   903 | D:2      | Killed from afar by Sigmund

Levels and vault maps discovered:
D:1:      pf_arrival_petrified_forest, layout_basic
D:2:      layout_loops_ring, serial_shops, shop, hangedman_decor_growths,
          uniq_sigmund, uniq_crazy_yiuf_cottage

Skill      XL: |  1  2  3 |
---------------+----------+-----
Ranged Weapons | 5 |  5.1
Fighting       | 3 |  3.0
Dodging        | |  1.5
Stealth        | |  1.1

Action                     |  1- 3 |  4- 6 || total
---------------------------+-------+-------++-------
   Fire: Shortbow          |   109 |    11 ||   120
    Use: Potion            |       |     2 ||     2
 Armour: Leather armour    |    14 |     5 ||    19
  Dodge: Dodged            |    16 |    11 ||    27

Table legend:
 A = Non-vault XP
 B = Vault XP
 C = Vault XP percentage of total XP
 D = Non-vault monster count
 E = Vault monster count
 F = Vault count percentage of total count
                 A         B        C        D         E       F
            +---------+---------+-------+---------+---------+-------
      Total |      89 |       0 |   0.0 |      39 |       0 |   0.0
            +---------+---------+-------+---------+---------+-------
        D:1 |      35 |       0 |   0.0 |      22 |       0 |   0.0
        D:2 |      54 |       0 |   0.0 |      17 |       0 |   0.0
            +---------+---------+-------+---------+---------+-------
